 Dungeon Sprint DCSS version 0.28.0-49-g6dfe1f597d (webtiles) character file.

Game seed: 6568933430779803223

5900000 Revguard the Axe Maniac (level 22, -3/233 HPs)
             Began as a Minotaur Gladiator on May 12, 2022.
             Was the Champion of Makhleb.
             Killed by divine providence
             ... invoked by an accursed
              (14 damage)
             ... in the Dungeon (Sprint VIII: "Arena of Blood").
             The game lasted 00:08:21 (59 turns).

Revguard the Axe Maniac (Minotaur Gladiator)          Turns: 59, Time: 00:08:21

Health: -3/233     AC:  6    Str: 20    XL:     22   Next: 4%
Magic:  21/38      EV: 34    Int:  5    God:    Makhleb [******]
Gold:   0          SH:  0    Dex: 22    Spells: 37/37 levels left

rFire   . . .      SeeInvis .   k - +∞ Axe of Woe
rCold   . . .      Faith    .   (shield currently unavailable)
rNeg    . . .      Spirit   .   b - +0 leather armour
rPois   .          Reflect  .   c - +0 hat
rElec   .          Harm     .   (no cloak)
rCorr   .          Rampage  .   (no gloves)
Will    +....      NoTele   +   (no boots)
Stlth   ++++++++++              (no amulet)
HPRegen 0.48/turn               g - +30 ring of slaying
MPRegen 0.26/turn               l - +100 ring of slaying

@: on berserk cooldown, slowed, very slow
A: horns 2, retaliatory headbutt
a: Renounce Religion, Minor Destruction, Lesser Servant of Makhleb, Major
Destruction, Greater Servant of Makhleb


You were in the Dungeon.
You worshipped Makhleb.
Makhleb was exalted by your worship.
You visited 1 branch

Inventory:

Hand Weapons
 a - a +0 war axe
 k - the +∞ Axe of Woe (weapon)
   (You found it in the Dungeon)
Missiles
 d - 3 throwing nets (quivered)
Armour
 b - a +0 leather armour (worn)
 c - a +0 hat (worn)
Jewellery
 g - a +30 ring of slaying (left hand)
 i - a +30 ring of slaying
 l - a +100 ring of slaying (right hand)
Scrolls
 j - a scroll of blinking
Potions
 e - a potion of curing
 f - a potion of heal wounds
 h - 2 potions of magic


   Skills:
 O Level 27 Fighting
 + Level 12.3(14.5) Short Blades
 + Level 13.4(15.7) Long Blades
 O Level 27 Axes
 + Level 13.4 Staves
 * Level 17.1(24.9) Slings
 + Level 12.3 Bows
 + Level 12.3 Crossbows
 O Level 27 Throwing
 O Level 27 Armour
 O Level 27 Dodging
 O Level 27 Stealth
 O Level 27 Shields
 + Level 12.3 Unarmed Combat
 + Level 8.0 Spellcasting
 + Level 8.8 Conjurations
 + Level 8.0 Hexes
 + Level 8.8 Summonings
 + Level 8.8 Necromancy
 + Level 8.8 Translocations
 + Level 9.6 Transmutations
 + Level 8.8 Fire Magic
 + Level 8.8 Ice Magic
 + Level 8.8 Air Magic
 + Level 9.6 Earth Magic
 + Level 8.8 Poison Magic
 O Level 27 Invocations
 O Level 27 Evocations


You had 37 spell levels left.
You didn't know any spells.
Your spell library was empty.

Dungeon Overview and Level Annotations

Branches:
Dungeon (1/1)

Altars:
Makhleb

Annotations:
D The Captor, The Servant


Innate Abilities, Weirdness & Mutations

You have a pair of horns on your head.
You reflexively headbutt those who attack you in melee.


Message History

Your Fire Magic skill increases to level 8!
Your Ice Magic skill increases to level 8!
Your Air Magic skill increases to level 8!
Your Earth Magic skill increases to level 9!
Your Poison Magic skill increases to level 8!
You have reached level 22!
Aiming: Major Destruction (0% risk of failure)
Press: ? - help, Shift-Dir - straight line, f - large bag of meat
Aim: a large bag of meat, wielding a +9 giant spiked club and wearing a +100 ring of slaying (severely wounded, inner flame)
The bolt of negative energy hits the large bag of meat!
The large bag of meat is drained!
Flame seeps out of the large bag of meat. x2
The large bag of meat is almost dead.
The bolt of negative energy hits the bag of meat!!
The bag of meat is drained!
The bag of meat is almost dead.
The bolt of negative energy misses the eight-headed meat hydra.
The Captor appears out of thin air!
The Captor comes into view.
He is wielding a +9 vorpal triple sword.
The Captor shouts!
You hear a shout! x4
A tyrant comes into view.
You hear a shout! x2
The accursed points at you and mumbles some strange words.
Something smites you!
* * * LOW HITPOINT WARNING * * *
You hear a shout!
A destroyer comes into view. It is wielding a +9 vorpal great sword.
You hear a shout!
The accursed gestures at you while chanting.
Something smites you!
* * * LOW HITPOINT WARNING * * *
A bag of meat comes into view. It is wielding a +9 war axe. x2
The destroyer points at you and mumbles some strange words.
The destroyer blinks!
You hear a shout!
The bag of meat is engulfed in blazing flames.
You hear a shout! x4
The accursed casts a spell at you. Something smites you!
You die...

#.. ....# #.. ...#
.. .###..
...###...
......###......@.
.o....._)))...ooo
. #....)# o.§o ...
#_)○)_# ..@..
.....#.§)§)#oo..M.
.......o○§@oOD....
......)###V.o.°...
..###.. .o§###...
#..


OVL.# .. #....VML# ......... O.o....L... ........... You could see 2 accurseds,
3 tyrants, The Servant, an eight-headed meat hydra, 3 destroyers, 2 large bags
of meat, The Captor and 12 bags of meat.

Vanquished Creatures
  A royal mummy (D)
  5 vampire knights (D)
  16 ogres (D)
  2 two-headed ogres (D)
  A hydra (D)
  23 orcs (D)
  A skeletal warrior (D)
49 creatures vanquished.

Notes
Turn   | Place    | Note
-------+----------+-------------------------------------------
     0 | D        | Found the +∞ Axe of Woe
     0 | D        | Revguard the Minotaur Gladiator began the quest for the
                  | Orb.
     0 | D        | Reached XP level 1. HP: 18/18 MP: 0/0
     1 | D        | Noticed a bag of meat
     2 | D        | Noticed a bag of meat
     3 | D        | Noticed a bag of meat
     3 | D        | Noticed a bag of meat
     4 | D        | Became a worshipper of Makhleb the Destroyer
     4 | D        | Noticed a meat berserker
     4 | D        | Noticed a bag of meat
     4 | D        | Noticed a bag of meat
     5 | D        | Noticed a meat berserker
     5 | D        | Noticed a bag of meat
     6 | D        | Noticed a meat berserker
     6 | D        | Killed a bag of meat
     7 | D        | Reached XP level 2. HP: 13/44 MP: 1/1
     7 | D        | Reached XP level 3. HP: 15/50 MP: 2/2
     7 | D        | Reached XP level 4. HP: 17/58 MP: 3/3
     7 | D        | Reached XP level 5. HP: 19/64 MP: 4/4
     7 | D        | Reached XP level 6. HP: 21/72 MP: 5/5
     7 | D        | Reached XP level 7. HP: 23/79 MP: 6/6
     7 | D        | Reached XP level 8. HP: 25/86 MP: 7/7
     7 | D        | Reached XP level 9. HP: 27/93 MP: 8/8
     7 | D        | Reached XP level 10. HP: 30/101 MP: 9/9
     7 | D        | Noticed a meat berserker
     9 | D        | Killed a meat berserker
     9 | D        | Reached * piety under Makhleb
    10 | D        | Reached skill level 15 in Armour
    10 | D        | Reached skill level 15 in Dodging
    10 | D        | Reached XP level 11. HP: 52/114 MP: 10/10
    10 | D        | Reached XP level 12. HP: 55/122 MP: 11/11
    11 | D        | Killed a meat berserker
    11 | D        | Killed a meat berserker
    12 | D        | Reached XP level 13. HP: 107/138 MP: 12/12
    12 | D        | Reached XP level 14. HP: 113/146 MP: 13/13
    13 | D        | Killed a meat berserker
    13 | D        | Reached ** piety under Makhleb
    14 | D        | Reached skill level 27 in Axes
    14 | D        | Noticed a meat berserker
    15 | D        | Noticed a meat berserker
    15 | D        | Killed a bag of meat
    15 | D        | Killed a bag of meat
    16 | D        | Reached XP level 15. HP: 162/162 MP: 14/14
    16 | D        | Reached *** piety under Makhleb
    17 | D        | Killed a meat berserker
    18 | D        | Noticed a meat berserker
    20 | D        | Reached **** piety under Makhleb
    21 | D        | Reached XP level 16. HP: 180/180 MP: 15/15
    21 | D        | Noticed a destroyer
    22 | D        | Killed a meat berserker
    23 | D        | Reached skill level 27 in Fighting
    23 | D        | Noticed a destroyer
    25 | D        | Noticed a large bag of meat
    27 | D        | Reached skill level 27 in Armour
    27 | D        | Killed a meat berserker
    27 | D        | Reached ***** piety under Makhleb
    27 | D        | Killed a destroyer
    27 | D        | Noticed a meat berserker
    28 | D        | Reached skill level 27 in Throwing
    28 | D        | Reached skill level 27 in Dodging
    28 | D        | Reached XP level 17. HP: 191/191 MP: 15/26
    29 | D        | Killed a large bag of meat
    30 | D        | Noticed a large bag of meat
    30 | D        | Noticed a meat berserker
    31 | D        | Noticed a meat berserker
    31 | D        | Noticed a meat berserker
    32 | D        | Reached ****** piety under Makhleb
    33 | D        | Reached XP level 18. HP: 169/200 MP: 15/32
    33 | D        | Noticed an eight-headed meat hydra
    34 | D        | Killed a destroyer
    34 | D        | Noticed a meat berserker
    35 | D        | Killed a meat berserker
    36 | D        | Reached skill level 27 in Invocations
    37 | D        | Reached skill level 27 in Evocations
    37 | D        | Reached XP level 19. HP: 104/207 MP: 16/35
    37 | D        | Killed a meat berserker
    37 | D        | Killed a meat berserker
    38 | D        | Noticed a large bag of meat
    38 | D        | Killed a meat berserker
    39 | D        | Noticed a large bag of meat
    41 | D        | Killed a meat berserker
    42 | D        | Reached skill level 27 in Stealth
    43 | D        | Noticed a meat berserker
    43 | D        | Noticed a destroyer
    44 | D        | Killed a nine-headed meat hydra
    45 | D        | Reached skill level 15 in Shields
    46 | D        | Killed a destroyer
    47 | D        | Reached skill level 27 in Shields
    47 | D        | Reached skill level 1 in Short Blades
    47 | D        | Reached skill level 1 in Long Blades
    47 | D        | Reached skill level 1 in Staves
    47 | D        | Reached skill level 1 in Bows
    47 | D        | Reached skill level 1 in Crossbows
    47 | D        | Reached skill level 1 in Unarmed Combat
    47 | D        | Reached skill level 1 in Conjurations
    47 | D        | Reached skill level 1 in Summonings
    47 | D        | Reached skill level 1 in Necromancy
    47 | D        | Reached skill level 1 in Translocations
    47 | D        | Reached skill level 1 in Transmutations
    47 | D        | Reached skill level 1 in Fire Magic
    47 | D        | Reached skill level 1 in Ice Magic
    47 | D        | Reached skill level 1 in Air Magic
    47 | D        | Reached skill level 1 in Earth Magic
    47 | D        | Reached skill level 1 in Poison Magic
    47 | D        | Reached XP level 20. HP: 211/216 MP: 18/36
    48 | D        | Killed a large bag of meat
    49 | D        | Reached skill level 5 in Long Blades
    49 | D        | Reached skill level 5 in Staves
    50 | D        | Noticed an accursed
    52 | D        | Noticed a meat berserker
    52 | D        | Noticed a meat berserker
    52 | D        | Noticed an accursed
    52 | D        | Noticed a destroyer
    52 | D        | Noticed a destroyer
    52 | D        | Noticed an eight-headed meat hydra
    52 | D        | Noticed a large bag of meat
    53 | D        | Noticed a meat berserker
    53 | D        | Killed a destroyer
    53 | D        | Killed a destroyer
    53 | D        | Killed a meat berserker
    53 | D        | Noticed a destroyer
    53 | D        | Noticed a destroyer
    54 | D        | Reached skill level 5 in Spellcasting
    54 | D        | Reached skill level 5 in Hexes
    54 | D        | Reached XP level 21. HP: 216/224 MP: 19/37
    55 | D        | Reached skill level 10 in Long Blades
    55 | D        | Reached skill level 10 in Staves
    55 | D        | Noticed an accursed
    56 | D        | Noticed a tyrant
    57 | D        | Reached skill level 10 in Short Blades
    57 | D        | Reached skill level 10 in Bows
    57 | D        | Reached skill level 10 in Crossbows
    57 | D        | Reached skill level 10 in Unarmed Combat
    57 | D        | Noticed a tyrant
    57 | D        | Noticed The Servant
    58 | D        | Reached skill level 15 in Slings
    58 | D        | Killed an accursed
    59 | D        | Reached XP level 22. HP: 44/233 MP: 20/38
    59 | D        | Noticed The Captor
    59 | D        | Noticed a tyrant
    59 | D        | Noticed a destroyer
    59 | D        | HP: 11/233 [accursed/divine providence (16)]
    59 | D        | Killed from afar by an accursed

Illustrated notes

Levels and vault maps discovered:
D:        meatsprint

Skill      XL: |  1  2  3  4  5  6  7  8  9 10 11 12 13 14 15 16 17 18 19 20 21 |
---------------+----------------------------------------------------------------+-----
Fighting       | 13 16 19 22 25 27 | 27.0
Axes           | 18 22 26 27 | 27.0
Throwing       | 11 13 16 19 22 27 | 27.0
Armour         | 12 15 19 22 25 27 | 27.0
Dodging        | 12 15 18 21 24 27 | 27.0
Invocations    | 14 22 27 | 27.0
Evocations     | 13 20 27 | 27.0
Stealth        | 13 27 | 27.0
Shields        | 27 | 27.0
Short Blades   | 1 8 12 | 12.3
Long Blades    | 1 9 13 | 13.4
Staves         | 1 9 13 | 13.4
Slings         | 2 12 17 | 17.1
Bows           | 1 8 12 | 12.3
Crossbows      | 1 8 12 | 12.3
Unarmed Combat | 1 8 12 | 12.3
Conjurations   | 1 6 8 |  8.8
Summonings     | 1 6 8 |  8.8
Necromancy     | 1 6 8 |  8.8
Translocations | 1 6 8 |  8.8
Transmutations | 1 6 9 |  9.6
Fire Magic     | 1 6 8 |  8.8
Ice Magic      | 1 6 8 |  8.8
Air Magic      | 1 6 8 |  8.8
Earth Magic    | 1 6 9 |  9.6
Poison Magic   | 1 6 8 |  8.8
Spellcasting   | 5 8 |  8.0
Hexes          | 5 8 |  8.0

Action                   |  1- 3 |  4- 6 |  7- 9 | 10-12 | 13-15 | 16-18 | 19-21 | 22-24 || total
-------------------------+-------+-------+-------+-------+-------+-------+-------+-------++-------
Melee: Executioner's axe |     1 |       |       |     2 |     5 |     9 |    13 |       ||    30
Invok: Major Destruction |       |       |       |       |       |       |     1 |     1 ||     2
       Greater Servant o |       |       |       |       |       |       |     1 |       ||     1
  Use: Potion            |     1 |       |       |     1 |       |       |       |       ||     2
Dodge: Dodged            |       |       |       |       |     1 |     1 |       |       ||     2
